Map: Terraformation EC (Void)

Players

AgCl

  • Race: Protoss Protoss
  • League: Silver

ddod - Winner!

  • Race: Terran Terran
  • League: Grandmaster

VOD

Have the link to the VOD?

Description

Time

  • Played on: July 14, 2015, 4:48 a.m.
  • Length: 9:48
Show
View Real Time Build Order
Export as new Build Order

AgCl Protoss 

Build Orders: Oracle Opening, Carrier Rush 

Get SALT Encoding   

  12  0:18  Pylon  
  12  0:22  Assimilator  
  12  0:36  Gateway  
  12  0:37  Probe (Chrono Boost)  
  13  0:49  Probe (Chrono Boost)  
  14  0:55  Assimilator  
  15  0:57  Probe (Chrono Boost)  
  15  1:06  Probe (Chrono Boost)  
  17  1:18  Probe (Chrono Boost)  
  17  1:22  Pylon  
  17  1:25  Zealot  
  19  1:28  Probe (Chrono Boost)  
  20  1:42  Cybernetics Core  
  20  1:46  Probe (Chrono Boost)  
  22  1:54  Probe (Chrono Boost)  
  22  2:03  Probe (Chrono Boost)  
  24  2:15  Probe (Chrono Boost)  
  24  2:19  Stargate  
  25  2:23  Probe (Chrono Boost), Warp Gate  
  25  2:33  Probe (Chrono Boost)  
  28  2:45  Mothership Core (Chrono Boost)  
  28  2:59  Probe  
  29  3:22  Oracle (Chrono Boost)  
  30  3:39  Nexus  
  30  3:40  Pylon  
  30  3:50  Pylon  
  30  3:58  Probe  
  31  4:10  Fleet Beacon, Probe (Chrono Boost)  
  32  4:20  Probe (Chrono Boost)  
  35  4:27  Probe  
  34  4:39  Carrier (Chrono Boost)  
  34  4:42  Probe  
  35  4:47  Nexus  
  41  5:10  Probe x2 (Chrono Boost)  
  42  5:14  Assimilator  
  42  5:16  Probe x2 (Chrono Boost)  
  44  5:22  Graviton Catapult  
  46  5:28  Probe (Chrono Boost)  
  46  5:33  Assimilator  
  46  5:34  Probe (Chrono Boost)  
  46  5:38  Probe (Chrono Boost)  
  46  5:41  Probe (Chrono Boost)  
  48  5:45  Probe  
  48  5:46  Carrier (Chrono Boost)  
  49  5:53  Probe (Chrono Boost)  
  50  5:57  Pylon  
  52  6:09  Protoss Air Weapons Level 1  
  57  6:12  Pylon  
  57  6:13  Probe (Chrono Boost)  
  57  6:17  Probe  
  58  6:20  Probe  
  58  6:23  Probe  
  60  6:35  Adept  
  62  6:43  Carrier (Chrono Boost)  
  62  6:48  Probe  
  62  6:50  Stargate  
  62  6:51  Probe  
  64  6:58  Adept  
  69  7:07  Probe x2 (Chrono Boost), Pylon  
  71  7:13  Assimilator  
  73  7:17  Probe (Chrono Boost)  
  73  7:18  Probe (Chrono Boost)  
  73  7:19  Robotics Facility  
  73  7:20  Gateway  
  73  7:23  Probe (Chrono Boost), Carrier (Chrono Boost)  
  73  7:24  Probe (Chrono Boost)  
  73  7:27  Probe  
  76  7:31  Adept  
  76  7:35  Probe  
  71  7:43  Probe  
  68  7:47  Probe  
  75  7:56  Carrier (Chrono Boost)  
  73  8:11  Observer  
  79  8:23  Probe  
  79  8:24  Pylon  
  79  8:25  Probe x2  
  82  8:30  Pylon  
  82  8:32  Warp Prism  
  84  8:35  Probe, Assimilator  
  84  8:37  Probe  
  84  8:38  Forge  
  86  8:47  Adept x2  
  90  8:50  Probe  
  90  8:54  Probe  
  98  8:57  Probe, Twilight Council  
  98  9:00  Gateway  
  98  9:02  Probe  
  100  9:03  Pylon  
  100  9:06  Probe  
  100  9:09  Probe  
  102  9:11  Photon Cannon  
  102  9:14  Pylon  
  96  9:18  Probe  
  96  9:19  Probe  
  96  9:21  Adept x2  
  96  9:23  Probe  
  74  9:41  Adept  
  74  9:42  Adept  
Show
View Real Time Build Order
Export as new Build Order

ddod Terran - Winner!

Build Orders: Reaper Expand, MMM Bio 

Get SALT Encoding   

  12  0:02  SCV  
  13  0:14  SCV  
  14  0:18  Supply Depot  
  14  0:27  SCV  
  15  0:40  SCV  
  15  0:41  Barracks  
  16  0:50  Refinery  
  16  0:52  SCV  
  17  1:04  SCV  
  18  1:16  SCV  
  19  1:28  Command Center  
  19  1:34  Reaper  
  20  1:43  Orbital Command  
  20  1:52  Supply Depot  
  20  2:05  Barracks  
  20  2:07  Marine  
  21  2:11  SCV  
  22  2:21  Barracks  
  22  2:25  Marine  
  22  2:26  SCV  
  24  2:38  SCV  
  24  2:43  Marine  
  25  3:00  Marine  
  25  3:03  Marine  
  27  3:15  SCV  
  27  3:18  Marine  
  27  3:19  Marine  
  29  3:20  Factory  
  29  3:21  Marine  
  29  3:25  Orbital Command  
  29  3:27  SCV  
  30  3:34  Engineering Bay  
  30  3:36  Marine  
  30  3:37  Marine  
  30  3:38  Bunker, Marine  
  30  3:39  SCV  
  34  3:51  SCV  
  34  3:54  Marine  
  34  3:55  Marine  
  37  3:56  Marine  
  38  4:03  SCV  
  38  4:06  Missile Turret  
  39  4:12  Starport  
  39  4:15  Barracks Tech Lab  
  41  4:18  Missile Turret  
  41  4:25  Barracks Reactor  
  41  4:27  Barracks Reactor  
  39  4:34  SCV x2  
  39  4:35  Refinery  
  39  4:36  Marauder  
  43  4:46  SCV x2  
  43  4:49  Stimpack  
  45  4:58  SCV  
  46  5:02  Supply Depot  
  46  5:07  Starport Reactor  
  46  5:14  Supply Depot  
  46  5:17  Refinery  
  46  5:23  SCV, Marine x4  
  46  5:24  Marauder  
  46  5:25  Barracks  
  46  5:27  Supply Depot  
  53  5:29  Barracks  
  53  5:36  SCV x2  
  53  5:41  Marine x4  
  59  5:44  Refinery  
  59  5:45  Supply Depot, Marauder  
  59  5:48  SCV  
  59  5:49  SCV, Medivac  
  64  5:52  Medivac  
  66  5:57  Supply Depot  
  66  5:59  Marine x4  
  66  6:02  Terran Infantry Weapons Level 1  
  70  6:06  SCV  
  70  6:07  Marauder  
  73  6:15  Supply Depot  
  73  6:17  SCV  
  74  6:18  SCV  
  73  6:29  SCV  
  73  6:31  SCV  
  59  6:41  SCV, Marine x4  
  59  6:42  Marine  
  59  6:43  Barracks Reactor  
  59  6:44  Marine  
  62  6:48  Medivac x2  
  66  6:59  Marine x4  
  66  7:00  Command Center, Marine  
  71  7:06  Marine  
  71  7:07  Combat Shields  
  72  7:16  Marine  
  72  7:17  Marine x4  
  72  7:18  Medivac x2  
  72  7:20  Supply Depot  
  81  7:23  Supply Depot  
  81  7:24  Marine  
  81  7:28  SCV  
  81  7:29  SCV  
  77  7:40  SCV  
  77  7:41  SCV  
  77  7:43  Marine x3  
  77  7:44  Marine x5  
  80  7:49  Medivac x2  
  88  7:53  SCV  
  87  8:01  Marine x5  
  87  8:03  Marauder  
  93  8:14  Marine x2  
  93  8:18  Supply Depot  
  93  8:19  Marine x2  
  97  8:20  Supply Depot, Marine x3  
  97  8:24  Marauder  
  102  8:32  Marine x2  
  104  8:34  Orbital Command  
  104  8:35  SCV x2  
  104  8:36  Marine  
  104  8:37  Marine  
  104  8:38  Marine x2  
  110  8:46  Supply Depot  
  110  8:47  SCV  
  110  8:48  SCV, Supply Depot, Marine x2  
  114  8:49  Marine, Medivac  
  114  8:50  Marine, Medivac  
  114  8:54  Armory, Marine  
  121  9:00  Marine x3  
  124  9:06  Marine x2  
  124  9:07  Marine  
  127  9:20  Marine x3  
  127  9:21  Marine  
  132  9:24  Marauder  
Tags
 
Add a new tag
Caveats
  • Supply blocks, unpowered buildings, or Contaminate may cause inaccurate times.
  • Supply counts are checked every 10 seconds.